 Dungeon Crawl Stone Soup version 0.16.2-12-gd0ad4c3 (webtiles) character file.

893 Azhtabak the Gusty (level 8, -12/54 HPs)
             Began as a Merfolk Air Elementalist on Oct 19, 2015.
             Was an Initiate of Qazlal.
             Mangled by Sigmund
             ... wielding a +0 scythe
              (15 damage)
             ... on level 4 of the Dungeon.
             The game lasted 00:59:41 (6821 turns).

Azhtabak the Gusty (Merfolk Air Elementalist)       Turns: 6821, Time: 00:59:41

Health: -12/54     AC:  2    Str: 10    XL:     8   Next: 6%
Magic:  18/18      EV: 13    Int: 15    God:    Qazlal [......]
Gold:   284        SH:  0    Dex: 14    Spells: 3 memorised, 9 levels left

rFire  . . .     SeeInvis .     j - +3 whip (elec)
rCold  . . .     Clarity  .     a - +0 robe
rNeg   . . .     SustAb   .     (no shield)
rPois  .         Gourm    .     (no helmet)
rElec  .         Spirit   .     (no cloak)
rCorr  .         Warding  .     (no gloves)
rMut   .         Stasis   .     (no boots)
MR     .....                    (no amulet)
Stlth  ++........               (no ring)
                                (no ring)

@: repel missiles, not resistant to hostile enchantments, unstealthy
A: change form in water, swift swim
a: Renounce Religion


You were on level 4 of the Dungeon.
You worshipped Qazlal.
Qazlal was noncommittal.
You were not hungry.

You visited 1 branch of the dungeon, and saw 6 of its levels.
You also visited: Sewer.

You collected 284 gold pieces.

Inventory:

Hand weapons
 j - a +3 whip of electrocution (weapon)
 v - a +0 trident
Armour
 a - a +0 robe (worn)
 e - a +2 scale mail of fire resistance
Jewellery
 q - an uncursed amulet of resist corrosion {unknown}
 x - an uncursed amulet of resist mutation {unknown}
Scrolls
 f - a scroll of recharging
 i - a scroll of amnesia {unknown}
 l - a scroll of fog
 p - a scroll of immolation {unknown}
 r - a scroll of blinking {unknown}
Potions
 d - a potion of invisibility
 m - 2 potions of agility
 w - a potion of magic
Books
 b - a book of Air

   Spells                             Type                      Level
   a - Shock                          Conjuration/Air              1
   b - Swiftness                      Charms/Air                   2
   c - Repel Missiles                 Charms/Air                   2
   d - Flight                         Charms/Air                   3
   e - Static Discharge               Conjuration/Air              3
   f - Lightning Bolt                 Conjuration/Air              5
 u - a book of Battle

   Spells                             Type                      Level
   a - Infusion                       Charms                       1
   b - Shroud of Golubria             Charms/Translocation         2
   c - Song of Slaying                Charms                       2
   d - Spectral Weapon                Hexes/Charms                 3
   e - Regeneration                   Charms/Necromancy            3
 B - a book of Alchemy

   Spells                             Type                      Level
   a - Sublimation of Blood           Necromancy                   2
   b - Alistair's Intoxication        Transmutation/Poison         4
   c - Condensation Shield            Ice                          4
   d - Petrify                        Transmutation/Earth          4
   e - Ignite Poison                  Fire/Transmutation           5
   f - Irradiate                      Conjuration/Transmutation    5
Miscellaneous
 n - a plain deck of war {Water}
Comestibles
 c - 5 bread rations
 k - a beef jerky
 s - a royal jelly
 z - 2 meat rations


   Skills:
 * Level 1.4 Fighting
 - Level 3.3 Dodging
 - Level 2.1 Stealth
 * Level 4.4 Spellcasting
 * Level 3.6 Conjurations
 * Level 3.1 Charms
 * Level 4.7 Air Magic


You had 9 spell levels left.
You knew the following spells:

 Your Spells              Type           Power        Failure   Level  Hunger
a - Shock                 Conj/Air       ###.         3%          1    None
b - Repel Missiles        Chrm/Air       ###...       6%          2    ##.....
c - Flight                Chrm/Air       ###.......   12%         3    ###....


Dungeon Overview and Level Annotations

Branches:
Dungeon (6/15)
 Temple: D:4-7

Altars:
Dithmenos
Fedhas
Gozag
Nemelex Xobeh
Qazlal
Trog
Vehumet

Annotations:
D:4 Scuka's ghost, average GrFi; Sigmund
D:5 CrazyArbalest's ghost, experienced MiHu


Message History

* * * LOW HITPOINT WARNING * * *
Drink which item? (? for menu, Esc to quit)
It was a potion of magic.
Magic courses through your body. Sigmund casts a spell at you.
You resist with some effort.
You whack Sigmund!
Sigmund is heavily wounded.
Sigmund mumbles some strange words.
Sigmund flickers and vanishes!
Deactivating autopickup; reactivate with Ctrl-A.
All of the chunks of flesh in your inventory have rotted away.
You hit something. Something hits you!
* * * LOW HITPOINT WARNING * * *
You miss something. Something hits you.
* * * LOW HITPOINT WARNING * * *
You miss something.
You hear some strange, mumbled words.
Something tries to affect you, but you resist.
You closely miss something. Something hits you!
You die...

#.# #§§# #.
#$# ##§§# #.
#..# ##§§##
#.
###...##§§##
##
#......§§##
.#####.§.#
##..#
#####...#
####..@{...#
#...####...#
##### #####


There were no monsters in sight!

Vanquished Creatures
  A centaur (D:5)
  2 ice beasts
  An ogre (D:4)
  2 giant frogs (Sewer)
  A scorpion (D:5)
  A centaur zombie (D:5)
  A crimson imp (D:5)
  2 orc priests
  2 orc wizards (D:5)
  4 gnolls (D:4)
  A shadow imp (D:5)
  4 adders
  4 giant mites
  5 giant geckos
  2 oozes (D:1)
  12 orcs
  6 bats
  A bat skeleton (D:5)
  12 giant cockroaches
  5 hobgoblins
  17 kobolds
  4 quokkas
  2 ball pythons
  9 giant newts
  8 goblins
  16 rats
  A plant (D:1)
126 creatures vanquished.

Notes
Turn   | Place    | Note
--------------------------------------------------------------
     0 | D:1      | Azhtabak, the Merfolk Air Elementalist, began the quest for the Orb.
     0 | D:1      | Reached XP level 1. HP: 13/13 MP: 3/3
   179 | D:1      | Reached XP level 2. HP: 16/19 MP: 0/4
   222 | D:1      | Learned a level 2 spell: Repel Missiles
   347 | D:1      | Reached skill level 1 in Conjurations
  1050 | D:1      | Reached skill level 3 in Air Magic
  1050 | D:1      | Reached XP level 3. HP: 16/24 MP: 4/6
  2018 | D:2      | Reached skill level 1 in Charms
  2147 | D:2      | Found a bloodstained altar of Trog.
  2646 | D:2      | Reached XP level 4. HP: 7/30 MP: 6/8
  3087 | D:3      | Found an opulent altar of Gozag.
  3093 | D:3      | Found a glowing drain.
  3170 | Sewer    | Entered a sewer
  3434 | Sewer    | Reached XP level 5. HP: 35/35 MP: 5/9
  3634 | Sewer    | Noticed a giant frog
  3634 | Sewer    | Noticed a giant frog
  3651 | Sewer    | Killed a giant frog
  3660 | Sewer    | Killed a giant frog
  3660 | Sewer    | Reached XP level 6. HP: 11/42 MP: 8/13
  4058 | D:3      | Learned a level 3 spell: Flight
  4718 | D:4      | Found a stormy altar of Qazlal.
  4727 | D:4      | Became a worshipper of Qazlal Stormbringer
  4757 | D:4      | Noticed Scuka's ghost (average GrFi)
  4831 | D:4      | Reached skill level 4 in Air Magic
  5259 | D:5      | Entered Level 5 of the Dungeon
  5330 | D:4      | Reached XP level 7. HP: 27/47 MP: 3/15
  5536 | D:5      | Found a radiant altar of Vehumet.
  5632 | D:5      | Found a shadowy altar of Dithmenos.
  5695 | D:5      | Reached skill level 1 in Fighting
  5966 | D:5      | Found a sparkling altar of Nemelex Xobeh.
  6227 | D:5      | Noticed CrazyArbalest's ghost (experienced MiHu)
  6325 | D:5      | Reached XP level 8. HP: 48/54 MP: 18/18
  6659 | D:4      | Found a blossoming altar of Fedhas.
  6775 | D:4      | Noticed Sigmund
  6821 | D:4      | Mangled by Sigmund

Action                   |  1- 3 |  4- 6 |  7- 9 || total
-------------------------+-------+-------+-------++-------
Melee: Mace              |    19 |       |       ||    19
       Unarmed           |     3 |       |       ||     3
       Whip              |    43 |    58 |    40 ||   141
 Cast: Shock             |    67 |   114 |    72 ||   253
       Repel Missiles    |       |     1 |     2 ||     3
       Flight            |       |     1 |       ||     1
  Use: Scroll            |     1 |    12 |     5 ||    18
       Potion            |       |     3 |     6 ||     9
 Stab: Sleeping          |       |     1 |       ||     1
  Eat: Chunk             |     5 |     6 |     2 ||    13
       Bread ration      |     1 |       |     1 ||     2
       Pizza             |       |       |     1 ||     1
